 Dungeon Crawl Stone Soup version 0.31.0-9-g3a7656b989 (webtiles) character file.

Game seed: 8128587447883474423

18 EnegeticOcto the Ruffian (level 2, 29/29 HPs)
             Began as a Troll Monk on Jan 31, 2024.
             Quit the game on level 1 of the Dungeon.
             The game lasted 00:00:18 (333 turns).

EnegeticOcto the Ruffian (Troll Monk)                Turns: 333, Time: 00:00:18

Health: 29/29      AC:  4    Str: 18    XL:     2   Next: 48%
Magic:  1/1        EV: 10    Int:  6    God:
Gold:   51         SH:  0    Dex: 12    Spells: 1/1 levels left

rFire   . .          .
                       - Unarmed
rCold   . . .        c - orb {light}
rNeg    . . .        a - +0 robe
rPois   .            (helmet restricted)
rElec   .            (no cloak)
rCorr   .            (gloves unavailable)
SInv    .            (boots unavailable)
Will    .....        (no amulet)
Stlth   +            (no ring)
HPRegen 1.04/turn    (no ring)
MPRegen 0.07/turn

%: no passive effects
@: glowing
A: large, unfitting armour, claws 3, regeneration 1, shaggy fur 1, tough skin 1
a: no special abilities


You were on level 1 of the Dungeon.
You visited 1 branch of the dungeon, and saw 1 of its levels.

You collected 51 gold pieces.

Inventory:

Armour
 a - a +0 robe (worn)
 c - an orb of light (worn)
Scrolls
 f - 2 scrolls of teleportation {unknown}
Potions
 b - a potion of ambrosia
 d - a potion of curing {unknown}
 e - a potion of experience {unknown}


   Skills:
 + Level 2.6 Fighting
 + Level 2.6 Dodging
 * Level 3.4 Unarmed Combat


You had one spell level left.
You didn't know any spells.
Your spell library was empty.

Dungeon Overview and Level Annotations

Branches:
Dungeon (1/15) Zot: 5668

Altars:

Shops:
D:1 :


Innate Abilities, Weirdness & Mutations

You are too large for most types of armour.
You have claws for hands.
Your natural rate of healing is unusually fast.
You are covered in fur. (AC +1)
You have tough skin. (AC +1)


Message History

The rat moves out of view.
The rat misses you.
You claw the rat!
You kill the rat!
No target in view!
No target in view!
No target in view!
You see here a +0 short sword.
A frilled lizard comes into view.
The frilled lizard hisses angrily.
A frilled lizard is nearby!
A frilled lizard is nearby!
The frilled lizard bites you but does no damage.
You barely miss the frilled lizard. The frilled lizard bites you.
You scratch the frilled lizard but do no damage.
The frilled lizard barely misses you.
You closely miss the frilled lizard. The frilled lizard closely misses you.
You scratch the frilled lizard.
You kill the frilled lizard!
You see here a frilled lizard corpse.
A frilled lizard comes into view.
The frilled lizard hisses angrily.
A frilled lizard is nearby!
A frilled lizard is nearby!
The frilled lizard closely misses you.
You claw the frilled lizard!
You kill the frilled lizard!
No target in view!
No target in view!
You see here a frilled lizard corpse.
You now have 26 gold pieces (gained 6).
A goblin comes into view. It is wielding a +0 dagger.
The goblin moves out of view.
An endoplasm comes into view.
The goblin misses you.
You claw the goblin!
You kill the goblin!
The endoplasm quivers.
Things that are here:
a +0 dagger; a goblin corpse The endoplasm hits you.
An endoplasm is nearby!
An endoplasm is nearby!
You claw the endoplasm!
You kill the endoplasm!
No target in view!
No target in view!
HP restored.
Found a short sword.
An endoplasm comes into view.
An endoplasm is nearby!
The endoplasm quivers.
You scratch the endoplasm.
The endoplasm is heavily wounded.
You scratch the endoplasm.
The endoplasm is almost dead.
The endoplasm freezes you.
You are frozen.
You scratch the endoplasm.
You kill the endoplasm!
No target in view!
No target in view!
An endoplasm comes into view.
The endoplasm quivers.
An endoplasm is nearby!
An endoplasm is nearby!
Found 15 gold pieces.
The endoplasm hits you.
You see here 10 gold pieces.
You claw the endoplasm!
You kill the endoplasm!
No target in view!
No target in view!
No target in view!
No target in view!
You now have 36 gold pieces (gained 10).
You now have 51 gold pieces (gained 15).
A rat comes into view.
Found a scroll labelled NEHAUM JAINICS.
A rat is nearby!
A rat is nearby!
Found 17 gold pieces.
Found a faded altar of an unknown god.
The rat twitches its whiskers.
The rat barely misses you.
You barely miss the rat. The rat bites you.
You claw the rat!
You kill the rat!
No target in view!
No target in view!
No target in view!
No target in view!
No target in view!
No target in view!
No target in view!
No target in view!
f - 2 scrolls labelled YKEAQ PYEJ
There is a faded altar of an unknown god here.
This altar belongs to (a) Trog, (b) Cheibriados or (c) Ru, but you can't tell which.
Press the corresponding letter to learn more about a god, or press enter to convert or escape to cancel.
Okay, then.
Are you sure you want to abandon this character and quit the game? (Confirm with "yes".)

#...##
##
##...#
#..^##
#.##
##.†.#
#....#
#....#
#..
##....#
##.
#....?#
#.
#.....#
#.
#@.$..#
..
#.....#
##
#....##
##...#
#...#
##...
...#
....


There were no monsters in sight!

Vanquished Creatures
  6 endoplasms (D:1)
  3 giant cockroaches (D:1)
  A goblin (D:1)
  A hobgoblin (D:1)
  2 frilled lizards (D:1)
  2 rats (D:1)
15 creatures vanquished.

Notes
Turn   | Place    | Note
-------+----------+-------------------------------------------
     0 | D:1      | EnegeticOcto the Troll Monk began the quest for the Orb.
     0 | D:1      | Reached XP level 1. HP: 22/22 MP: 0/0
    58 | D:1      | Found Xautu's Book Shop.
   119 | D:1      | Reached XP level 2. HP: 29/29 MP: 1/1
   322 | D:1      | Found a faded altar of an unknown god.
   333 | D:1      | Quit the game

Illustrated notes

Levels and vault maps discovered:
D:1:      amcnicky_arrival_underground_garden, layout_rooms,
          hellmonk_ecumenical_altar_zigzags, serial_shops, shop

Action                     || total
---------------------------++-------
  Melee: Unarmed           ||    21
 Armour: Robe              ||     6
  Dodge: Dodged            ||     6

Table legend:
 A = Kills in this place as a percentage of kills in the entire game.
 B = Kills by you in this place as a percentage of kills by you in the entire game.
 C = Kills by friends in this place as a percentage of kills by friends in the entire game.
 D = Other kills in this place as a percentage of other kills in the entire game.
 E = Experience gained in this place as a percentage of experience gained in the entire game.
 F = Experience gained in this place divided by the number of levels of this place that you have seen.
                   A       B       C       D       E      F
               +-------+-------+-------+-------+-------+----------------------
         Total | 100.0 | 100.0 |   N/A |   N/A | 100.0 |  26.0
       Dungeon | 100.0 | 100.0 |   N/A |   N/A | 100.0 |  26.0
               +-------+-------+-------+-------+-------+----------------------

Table legend: (Time is in decaauts)
 A = Elapsed time spent in this place.
 B = Non-inter-level travel time spent in this place.
 C = Inter-level travel time spent in this place.
 D = Time resting spent in this place.
 E = Time spent auto-exploring this place.
 F = Levels seen in this place.
 G = Mean time per level.
                   A        B        C        D        E       F      G
               +--------+--------+--------+--------+--------+-----+--------+
         Total |    331 |    331 |      0 |      0 |    249 |   1 |  331.0 |
       Dungeon |    331 |    331 |      0 |      0 |    249 |   1 |  331.0 |
               +--------+--------+--------+--------+--------+-----+--------+

Top non-repeatable levels by time:
     D:1: 331 daAuts
